 Dungeon Crawl Stone Soup version 0.32-a0-900-g30fb1b0edc (webtiles) character file.

Game seed: 11554660363214740265

5 601d51SH the Poker (level 1, -1/23 HPs)
             Began as a Gnoll Cinder Acolyte on Apr 5, 2024.
             Was a High Priest of Ignis.
             Slain by a hobgoblin (3 damage)
             ... on level 1 of the Dungeon.
             The game lasted 00:00:08 (30 turns).

601d51SH the Poker (Gnoll Cinder Acolyte)             Turns: 30, Time: 00:00:09

Health: -1/23      AC:  2    Str: 13    XL:     1   Next: 80%
Magic:  4/4        EV: 10    Int: 13    God:    Ignis [*****.]
Gold:   0          SH:  0    Dex:  7    Spells: 5/5 levels left

rFire   + . .        a - -1 spear (flame)
rCold   . . .        (no shield)
rNeg    . . .        b - +0 robe
rPois   .            (no helmet)
rElec   .            (no cloak)
rCorr   .            (no gloves)
SInv    .            (no boots)
Will    .....        (no amulet)
Stlth   +            (no ring)
HPRegen 0.23/turn    (no ring)
MPRegen 0.09/turn

%: no passive effects
@: no status effects
A: fangs 1, strong nose, distributed training
a: Renounce Religion, Fiery Armour, Foxfire Swarm, Rising Flame


You were on level 1 of the Dungeon.
You worshipped Ignis.
Ignis was extremely pleased with you.
You visited 1 branch of the dungeon, and saw 1 of its levels.

Inventory:

Hand Weapons
 a - a -1 spear of flaming (weapon)
Armour
 b - a +0 robe (worn)


   Skills:
 + Level 6.4 Fighting
 + Level 0.1 Short Blades
 + Level 0.1 Long Blades
 + Level 0.1 Axes
 + Level 0.1 Maces & Flails
 + Level 6.4 Polearms
 + Level 0.1 Staves
 + Level 0.1 Ranged Weapons
 + Level 0.1 Throwing
 + Level 0.1 Armour
 + Level 0.1 Dodging
 + Level 0.1 Stealth
 + Level 0.1 Shields
 + Level 0.1 Unarmed Combat
 + Level 2.6 Spellcasting
 + Level 0.1 Conjurations
 + Level 0.1 Hexes
 + Level 0.1 Summonings
 + Level 0.1 Necromancy
 + Level 0.1 Translocations
 + Level 5.3 Fire Magic
 + Level 0.1 Ice Magic
 + Level 0.1 Air Magic
 + Level 0.1 Earth Magic
 + Level 0.1 Alchemy
 + Level 0.2 Invocations
 + Level 0.1 Evocations
 + Level 0.1 Shapeshifting


You had 5 spell levels left.
You didn't know any spells.
Your spell library contained the following spells:

 Spells                   Type           Power      Damage    Failure   Level
 Scorch                   Fire           30%        2d6       4%          2


Dungeon Overview and Level Annotations

Branches:
Dungeon (1/15)

Altars:


Innate Abilities, Weirdness & Mutations

You have very sharp teeth.
Your uncanny sense of smell can sniff out nearby items.
Your experience applies equally to all skills.


Message History

You hit the endoplasm but do no damage. You bite the endoplasm.
The endoplasm is heavily wounded.
The endoplasm barely misses you. The hobgoblin barely misses you.
You hit the endoplasm. You burn the endoplasm.
You kill the endoplasm!
You closely miss the hobgoblin. The hobgoblin hits you.
You barely miss the kobold.
The kobold hits you with a +0 short sword.
The hobgoblin barely misses you.
You hit the kobold. You burn the kobold.
The kobold is severely wounded.
The kobold hits you with a +0 short sword.
The hobgoblin hits you.
* * * LOW HITPOINT WARNING * * *
You are too injured to fight recklessly!
You are too injured to fight recklessly!
You are too injured to fight recklessly!
You are too injured to fight recklessly!
You are too injured to fight recklessly!
You hit the kobold. You burn the kobold.
You kill the kobold!
The hobgoblin hits you.
* * * LOW HITPOINT WARNING * * *
You hit the goblin. You burn the goblin.
You kill the goblin!
The hobgoblin barely misses you.
Items here: ( )) ††.
The hobgoblin attacks as it pursues you!
The hobgoblin hits you but does no damage.
A frilled lizard comes into view.
The frilled lizard hisses angrily.
You hit the hobgoblin. You burn the hobgoblin.
The hobgoblin is heavily wounded.
The hobgoblin barely misses you.
You hit the hobgoblin but do no damage.
You bite the hobgoblin, but do no damage.
The hobgoblin is heavily wounded.
The hobgoblin hits you.
You die...
Ignis goes out, and joins you in death.

# #. .# ..
###..# #.
..#..# # ##.##
..l..#
#.##...##.....#
......>......#
.....#..@..#..#
...##...g..#..#
......?.......#
∆
...##..........
.. #.#...#..#.
. #.#.#.#..#
#♣###..#.#..#.
#♣<♣ #.........
♣..♣ #.........


You could see a hobgoblin and a frilled lizard.

Vanquished Creatures
  A bat (D:1)
  An endoplasm (D:1)
  A goblin (D:1)
  A kobold (D:1)
4 creatures vanquished.

Notes
Turn   | Place    | Note
-------+----------+-------------------------------------------
     0 | D:1      | 601d51SH the Gnoll Cinder Acolyte began the quest for the
                  | Orb.
     0 | D:1      | Reached XP level 1. HP: 23/23 MP: 4/4
    25 | D:1      | HP: 1/23 [hobgoblin (4)]
    30 | D:1      | Slain by a hobgoblin

Illustrated notes

Levels and vault maps discovered:
D:1:      pf_arrival_petrified_forest, layout_rooms,
          shapermc_ecumenical_altar_rom_forum

Action                     || total
---------------------------++-------
  Melee: Spear             ||    12
         Bite              ||     2
 Armour: Robe              ||     8
  Dodge: Dodged            ||     9

Table legend: (Time is in decaauts)
 A = Elapsed time spent in this place.
 B = Non-inter-level travel time spent in this place.
 C = Inter-level travel time spent in this place.
 D = Time resting spent in this place.
 E = Time spent auto-exploring this place.
 F = Levels seen in this place.
 G = Mean time per level.
                   A        B        C        D        E       F      G
               +--------+--------+--------+--------+--------+-----+--------+
         Total |     27 |     27 |      0 |      0 |     10 |   1 |   27.0 |
       Dungeon |     27 |     27 |      0 |      0 |     10 |   1 |   27.0 |
               +--------+--------+--------+--------+--------+-----+--------+

Top non-repeatable levels by time:
     D:1: 27 daAuts
